 Dungeon Crawl Stone Soup version 0.18.1-50-g88ac8fd (webtiles) character file.

1526 nikopol the Spear-Bearer (level 8, -8/71 HPs)
             Began as a Minotaur Berserker on Oct 13, 2016.
             Was an Elder of Trog.
             Killed by divine providence
             ... invoked by an orc priest
              (12 damage)
             ... on level 6 of the Dungeon.
             The game lasted 00:12:07 (4745 turns).

nikopol the Spear-Bearer (Minotaur Berserker)       Turns: 4745, Time: 00:12:07

Health: -8/71      AC:  7    Str: 23    XL:     8   Next: 55%
Magic:  7/7        EV: 12    Int:  4    God:    Trog [****..]
Gold:   278        SH:  0    Dex: 11    Spells: 0 memorised, 7 levels left

rFire  . . .     SeeInvis .     a - +1 halberd
rCold  . . .     Gourm    .     p - +0 scale mail
rNeg   . . .     Faith    .     (shield currently unavailable)
rPois  .         Spirit   .     (helmet restricted)
rElec  .         Dismiss  .     (no cloak)
rCorr  .         Reflect  .     (no gloves)
SustAt .         Harm     .     (no boots)
MR     .....                    (no amulet)
Stlth  ..........               (no ring)
                                (no ring)

@: exhausted, slowed, very slow, not resistant to hostile enchantments,
extremely unstealthy
A: retaliatory headbutt, horns 2
a: Berserk, Trog's Hand, Brothers in Arms, Burn Spellbooks, Renounce Religion


You were on level 6 of the Dungeon.
You worshipped Trog.
Trog was greatly pleased with you.
You were near starving.

You visited 1 branch of the dungeon, and saw 6 of its levels.

You collected 278 gold pieces.

Inventory:

Hand Weapons
 a - a +1 halberd (weapon)
 s - a +0 spear
Missiles
 j - 62 arrows (quivered)
Armour
 b - a +0 animal skin
 g - a +0 leather armour
 p - a +0 scale mail (worn)
Jewellery
 e - an uncursed amulet of harm {unknown}
 m - an uncursed amulet of guardian spirit {unknown}
 y - a +3 ring of strength {unknown}
 A - a +4 ring of strength {unknown}
Wands
 w - a wand of acid (9/15)
Scrolls
 d - a scroll of immolation
 i - a scroll of noise
 k - 5 scrolls of identify
 z - a scroll of enchant weapon
Potions
 f - 4 potions of curing
 h - 2 potions of haste {unknown}
 l - a potion of flight {unknown}
 n - 3 potions of ambrosia {unknown}
 r - 2 potions of lignification {unknown}
 u - 2 potions of degeneration {unknown}
 B - a potion of cure mutation {unknown}
 C - a potion of brilliance {unknown}
Comestibles
 c - 5 bread rations
 o - 3 meat rations
 t - a slice of pizza
 x - a royal jelly


   Skills:
 + Level 6.9 Fighting
 * Level 8.9 Polearms
 + Level 6.0 Armour
 + Level 5.7 Dodging


You had 7 spell levels left.
You didn't know any spells.

Dungeon Overview and Level Annotations

Branches:
Dungeon (6/15)
 Temple: D:4-7

Altars:
Ashenzari
Makhleb
Okawaru
Trog
Vehumet
Xom
Yredelemnul


Innate Abilities, Weirdness & Mutations

You reflexively headbutt those who attack you in melee.
You have a pair of horns on your head.


Message History

The orc priest is moderately wounded.
The orc priest barely misses you.
You hit the orc priest.
The orc priest is severely wounded.
You are no longer berserk.
You are exhausted.
You feel yourself slow down.
You are near starving!
The orc priest casts a cantrip, but nothing happens.
You hit the orc priest. Your headbutt misses the orc priest.
The orc priest is almost dead.
The orc priest invokes the aid of Beogh against you.
Beogh smites you!
* * * LOW HITPOINT WARNING * * *
You hit the orc priest but do no damage.
The orc priest is almost dead.
The orc priest hits you but does no damage.
The orc priest mumbles some strange prayers to Beogh against you.
Beogh smites you!
You die...

#.# #. ###.### ####.## ##
#.....# #...... >. #.#.#.#
#.##..# .# # #.#.#.#
#.##..##.## ## #.#.#.#
#.##......###.
.###.....#####.###.........
.'..............@oo........
.####...######.###(....##..
## ##.## #%........# # #..#
####......# ##.# #(.#####
.# #..# .# #..# .# #...


You could see an orc priest and an orc.

Vanquished Creatures
  The ghost of Lluna the Bolt Thrower, a novice KoAM (D:6)
  An orc warrior (D:6)
  2 phantoms
  An ogre (D:5)
  A giant frog (D:6)
  A howler monkey (D:5)
  A crimson imp (D:6)
  2 orc priests
  A jelly (D:5)
  A centaur skeleton (D:5)
  2 giant frog skeletons
  A hound (D:4)
  9 orc wizards
  5 worker ants
  A hound zombie (D:6)
  A worker ant zombie (D:5)
  5 gnolls
  4 adders
  A shadow imp (D:5)
  3 worms
  A dart slug (D:1)
  6 giant geckos
  19 orcs
  3 ball pythons
  14 bats
  2 giant cockroaches (D:3)
  3 goblins
  10 hobgoblins
  8 jackals
  5 kobolds
  4 quokkas
  A giant gecko skeleton (D:5)
  3 giant newts
  10 rats
133 creatures vanquished.

Notes
Turn   | Place    | Note
--------------------------------------------------------------
     0 | D:1      | nikopol the Minotaur Berserker began the quest for the Orb.
     0 | D:1      | Reached XP level 1. HP: 19/19 MP: 0/0
    65 | D:1      | Reached XP level 2. HP: 18/27 MP: 1/1
   100 | D:1      | Reached skill level 4 in Polearms
   419 | D:1      | Reached XP level 3. HP: 33/33 MP: 2/2
   527 | D:1      | Reached ** piety under Trog
   987 | D:2      | Found a shattered altar of Ashenzari.
  1220 | D:2      | Found a burning altar of Makhleb.
  1220 | D:2      | Found a shimmering altar of Xom.
  1412 | D:3      | Found a bloodstained altar of Trog.
  1497 | D:3      | Reached XP level 4. HP: 40/40 MP: 3/3
  1827 | D:3      | Reached *** piety under Trog
  1868 | D:3      | Reached skill level 5 in Polearms
  2145 | D:3      | Reached XP level 5. HP: 47/47 MP: 4/4
  2610 | D:4      | Noticed a phantom
  2647 | D:4      | Killed a phantom
  2647 | D:4      | Reached XP level 6. HP: 34/55 MP: 5/5
  2844 | D:4      | Reached skill level 5 in Fighting
  2905 | D:4      | Reached skill level 6 in Polearms
  3060 | D:4      | Reached **** piety under Trog
  3395 | D:4      | Reached XP level 7. HP: 61/61 MP: 6/6
  3483 | D:5      | Entered Level 5 of the Dungeon
  3578 | D:5      | Found a basalt altar of Yredelemnul.
  3632 | D:5      | Reached skill level 7 in Polearms
  3795 | D:5      | Reached skill level 5 in Armour
  4260 | D:5      | Reached skill level 5 in Dodging
  4279 | D:5      | Found an iron altar of Okawaru.
  4279 | D:5      | Found a radiant altar of Vehumet.
  4481 | D:6      | Noticed Lluna's ghost (novice KoAM)
  4484 | D:6      | Reached XP level 8. HP: 71/71 MP: 7/7
  4492 | D:6      | Killed Lluna's ghost
  4492 | D:6      | Reached skill level 8 in Polearms
  4745 | D:6      | Killed from afar by an orc priest

Skill      XL: |  1  2  3  4  5  6  7  8 |
---------------+-------------------------+-----
Polearms       | 4 5 6 7 8 |  8.9
Fighting       | 4 5 6 |  6.9
Armour         | 3 4 5 6 |  6.0
Dodging        | 3 4 5 |  5.7

Action                   |  1- 3 |  4- 6 |  7- 9 || total
-------------------------+-------+-------+-------++-------
Melee: Spear             |   127 |    11 |       ||   138
       Headbutt          |    10 |    22 |    28 ||    60
       Halberd           |       |   164 |   123 ||   287
Invok: Berserk           |     1 |       |     3 ||     4
  Use: Scroll            |       |       |     7 ||     7
 Stab: Sleeping          |     1 |       |       ||     1
  Eat: Chunk             |     2 |     7 |     6 ||    15
Armor: Animal skin       |    10 |       |       ||    10
       Leather armour    |     9 |     7 |       ||    16
       Scale mail        |       |    43 |    30 ||    73
Dodge: Dodged            |    64 |    71 |    53 ||   188
